Description

Mech is coming!

Replay - InZaNe v Major: Game 1 - Galactic Process LE

Build Order

Get SALT Encoding   

  12  0:00  SCV  
  13  0:13  SCV  
  14  0:17  Supply Depot  
  14  0:25  SCV  
  15  0:29  Refinery  
  15  0:39  SCV  
  16  0:45  Barracks  
  16  0:51  SCV  
  17  1:03  SCV  
  18  1:15  SCV  
  19  1:32  Reaper, Orbital Command  
  20  1:52  Command Center  
  20  1:59  Factory  
  20  2:03  SCV  
  21  2:09  Barracks Reactor  
  21  2:16  SCV  
  21  2:17  Supply Depot  
  22  2:28  SCV  
  23  2:40  SCV  
  23  2:43  Hellion  
  26  2:45  Starport  
  26  2:46  Marine x2  
  28  2:51  Refinery  
  28  2:52  SCV  
  29  3:04  Marine x2, SCV  
  29  3:05  Hellion  
  34  3:10  Orbital Command  
  34  3:16  SCV  
  35  3:22  Marine x2  
  35  3:25  Medivac  
  38  3:31  Hellion  
  38  3:32  SCV  
  41  3:36  SCV  
  41  3:39  Marine  
  41  3:40  Marine  
  44  3:44  Supply Depot  
  44  3:48  SCV x2  
  46  4:05  Medivac, Widow Mine, Marine x2  
  46  4:06  SCV x2  
  46  4:08  Supply Depot  
  54  4:29  Marine x2  
  54  4:30  SCV x2  
  57  4:38  Factory Tech Lab  
  56  4:42  SCV x2  
  56  4:43  Command Center  
  57  4:47  Marine x2  
  59  4:56  SCV x2  
  57  5:05  Marine x2  
  54  5:08  Factory Tech Lab, SCV x2  
  54  5:11  Raven  
  54  5:13  Supply Depot  
  58  5:19  Engineering Bay  
  58  5:20  SCV x2  
  60  5:23  Refinery, Marine x2  
  60  5:25  Refinery  
  58  5:31  Cyclone  
  58  5:33  SCV x2  
  62  5:45  SCV x2  
  62  5:47  Factory  
  64  5:50  Factory  
  64  5:54  Missile Turret  
  64  5:57  Supply Depot, SCV x2  
  64  6:01  Barracks Reactor  
  70  6:05  Orbital Command  
  70  6:06  Missile Turret  
  70  6:09  Viking, Orbital Command, SCV x2  
  74  6:15  Missile Turret  
  74  6:19  Siege Tank  
  74  6:21  SCV x2  
  75  6:34  Hellion x2, SCV x2  
  75  6:36  SCV  
  75  6:38  Armory  
  82  6:46  SCV x2  
  84  6:48  SCV  
  84  6:50  Viking x2  
  89  6:56  Supply Depot x2  
  89  6:58  SCV x2  
  89  7:00  SCV  
  92  7:02  Supply Depot  
  92  7:04  Siege Tank x2  
  98  7:09  Hellion  
  98  7:10  SCV  
  98  7:11  Supply Depot  
  98  7:15  SCV  
  101  7:17  Hellion, SCV  
  101  7:22  Viking x2, SCV  
  104  7:27  SCV  
  104  7:28  Refinery  
  104  7:29  Refinery, SCV  
  108  7:34  SCV  
  107  7:38  Hellion, Siege Tank x2  
  107  7:39  Terran Vehicle Weapons Level 1, SCV  
  107  7:41  SCV  
  117  7:46  SCV  
  117  7:47  Hellion  
  117  7:50  Factory  
  120  7:51  SCV  
  120  7:57  Factory  
  119  7:59  Hellion  
  119  8:04  SCV  
  123  8:08  Hellion  
  124  8:13  Siege Tank x2  
  124  8:16  Supply Depot  
  124  8:17  Supply Depot  
  126  8:20  Hellion, Infernal Pre-Igniter  
  126  8:25  Command Center  
  126  8:26  Armory  
  128  8:32  Medivac  
  130  8:35  Hellion  
  130  8:37  Medivac  
  130  8:38  SCV  
  135  8:42  Hellion  
  135  8:45  Factory Tech Lab, Factory Reactor  
  135  8:47  Hellion x2  
  141  8:56  Hellion  
  141  9:02  Supply Depot  
  131  9:04  Hellion, Siege Tank  
  131  9:08  Siege Tank  
  135  9:15  Viking x2  
  137  9:17  Siege Tank, Supply Depot  
  137  9:18  Hellion  
  142  9:26  Hellion  
  142  9:28  Supply Depot x2  
  142  9:30  Supply Depot  
  144  9:34  Hellion x2  
  151  9:39  Hellion  
  156  9:47  Hellion  
Spawning Tool Build Advisor. Get it on Overwolf

Go to:

Details

  • Created by: PeterLiu
  • Published on: Sep 06, 2016
  • Modified on: Sep 06, 2016
  • Patch: Pre-3.8.0
Show
View Real Time Build Order
Export as new Build Order

Comments (0)

There are no comments. Be the first!

Create an account to comment!